 Dungeon Crawl Stone Soup version 0.17.0-23-g0de4337 (webtiles) character file.

7786 timbw the Grappler (level 11, -6/54 HPs)
             Began as a Vine Stalker Fighter on Nov 13, 2015.
             Was a High Priest of Okawaru.
             Killed from afar by a manticore (15 damage)
             ... with a volley of spikes
             ... on level 12 of the Dungeon.
             The game lasted 00:10:47 (2246 turns).

timbw the Grappler (Vine Stalker Fighter)           Turns: 2246, Time: 00:10:47

Health: -6/54      AC: 14    Str: 19    XL:     11   Next: 20%
Magic:  0/12       EV: 12    Int: 13    God:    Okawaru [*****.]
Gold:   221        SH:  0    Dex: 17    Spells: 0 memorised, 10 levels left

rFire  + . .     SeeInvis .       - Unarmed
rCold  . . .     Clarity  .     o - +2 chain mail {rF+}
rNeg   + . .     SustAt   .     (no shield)
rPois  .         Gourm    .     (no helmet)
rElec  .         Spirit   +     y - +0 cloak
rCorr  .         Warding  +     (no gloves)
rMut   .         Stasis   .     (no boots)
MR     +....                    r - amulet of warding
Stlth  ..........               (no ring)
                                l - +5 ring of intelligence

@: heroism, manticore barbs, somewhat resistant to hostile enchantments,
extremely unstealthy
A: fangs 3, regeneration 2, magic shield, antimagic bite, no device heal 3, rot
immunity
a: Heroism, Finesse, Renounce Religion


You were on level 12 of the Dungeon.
You worshipped Okawaru.
Okawaru was extremely pleased with you.
You were not hungry.

You visited 2 branches of the dungeon, and saw 13 of its levels.

You collected 221 gold pieces.

Inventory:

Armour
 a - a +0 scale mail
 o - a +2 chain mail of fire resistance (worn)
 y - a +0 cloak (worn)
Jewellery
 l - a +5 ring of intelligence (left hand)
 n - an uncursed amulet of stasis
 r - an amulet of warding (around neck)
Wands
 e - a wand of lightning (4)
 g - a wand of polymorph (6)
 j - a wand of digging (18)
 k - a wand of digging (13)
 q - a wand of polymorph (16)
 t - a wand of flame (18)
 z - a wand of random effects (16)
 I - a wand of polymorph (17)
Scrolls
 h - a scroll of enchant armour {unknown}
 m - a scroll of teleportation
 A - a scroll of fog {unknown}
 D - a scroll of blinking
 E - a scroll of acquirement {unknown}
 F - a scroll of recharging {unknown}
 G - a scroll of identify
 H - a scroll of remove curse {unknown}
Potions
 c - a potion of might
 i - a potion of curing {unknown}
 p - a potion of heal wounds
 v - a potion of poison {unknown}
 w - a potion of ambrosia {unknown}
 x - a potion of lignification {unknown}
 B - a potion of flight {unknown}
 C - a potion of agility {unknown}
Books
 u - a book of Minor Magic

   Spells                             Type                      Level
   a - Magic Dart                     Conjuration                  1
   b - Blink                          Translocation                2
   c - Call Imp                       Summoning                    2
   d - Repel Missiles                 Charms/Air                   2
   e - Slow                           Hexes                        2
   f - Conjure Flame                  Conjuration/Fire             3
   g - Mephitic Cloud                 Conjuration/Poison/Air       3
Comestibles
 b - 2 chunks of flesh
 d - a bread ration
 f - a beef jerky
 s - 3 meat rations


   Skills:
 + Level 4.4(9.4) Fighting
 + Level 4.0(9.0) Armour
 + Level 3.2(8.2) Dodging
   Level 2.6(7.6) Shields
 * Level 14.8(19.8) Unarmed Combat


You had 10 spell levels left.
You didn't know any spells.

Dungeon Overview and Level Annotations

Branches:
Dungeon (12/15)            Temple (1/1) D:7            Lair (0/8) D:11
    Orc: D:9-12

Altars:
Ashenzari
Cheibriados
Dithmenos
Fedhas
Gozag
Kikubaaqudgha
Makhleb
Nemelex Xobeh
Okawaru
Qazlal
Ru
Trog
Yredelemnul

Shops:
D:6 %[   D:8 [


Innate Abilities, Weirdness & Mutations

You have razor-sharp teeth.
You heal very quickly.
When hurt, damage is shared between your health and your magic reserves.
Your bite disrupts and absorbs the magic of your enemies.
Potions and wands cannot restore your health.
You are immune to rotting.


Message History

There is an entrance to an ice cave on this level.
Hurry and find it before the portal melts!
There is a stone staircase leading up here.
Found a wand of polymorph.
You feel like a meek peon again.
I - a wand of polymorph You open the door.
There is an open door here.
Read which item? (? for menu, Esc to quit)
Okay, then.
A manticore comes into view.
You gain the combat prowess of a mighty hero.
You feel slightly more hungry.
The manticore flicks its tail.
The volley of spikes hits you!
The barbed spikes become lodged in your body.
* * * LOW HITPOINT WARNING * * *
The manticore flicks its tail.
The volley of spikes hits you!
The barbed spikes become lodged in your body.
You die...

#......##....#
#.............
#............
..####'####....
...........#.... .
...........# ... ...
...........#########....
.....#####..............
..... #..###.@.......
.... #..# #.........
.... ...........H....
..................
....................
....................
####################


You could see a manticore.

Vanquished Creatures
  The ghost of ololoev the Destroyer, a journeyman OpEE of Vehumet (D:11)
  The ghost of Dirtsage the Martial Artist, a journeyman OpMo of Zin (D:11)
  Pikel (D:4)
  A hill giant (D:11)
  An ugly thing (D:11)
  Maurice (D:8)
  A troll (D:10)
  Grum (D:11)
  6 yaks (D:11)
  4 wolves (D:11)
  Menkaure (D:6)
  A wyvern (D:10)
  Duvessa (D:5)
  3 orc warriors
  A water moccasin (D:8)
  A sky beast (D:6)
  An eye of draining (D:10)
  An ice beast (D:8)
  2 ogres
  6 centaurs (D:11)
  A big kobold (D:11)
  Dowan (D:5)
  2 scorpions
  6 killer bees (D:11)
  5 crimson imps
  A centaur zombie (D:11)
  A quasit (D:10)
  3 hounds
  4 orc wizards
  2 giant frog skeletons
  8 orc priests
  3 worker ants
  A worker ant zombie (D:9)
  3 gnolls (D:4)
  5 adders
  2 shadow imps (D:6)
  A worm (D:6)
  2 giant geckos
  24 orcs
  A bat (D:1)
  2 giant cockroaches (D:4)
  A hobgoblin (D:1)
  7 kobolds
  A quokka (D:7)
  A giant gecko skeleton (D:5)
  2 giant newts
  2 jackals (D:5)
  A jackal zombie (D:7)
  A rat (D:2)
130 creatures vanquished.

Vanquished Creatures (others)
  A gnoll (D:4)
  A giant cockroach (D:4)
2 creatures vanquished.

Grand Total: 132 creatures vanquished

Notes
Turn   | Place    | Note
--------------------------------------------------------------
     0 | D:1      | timbw the Vine Stalker Fighter began the quest for the Orb.
     0 | D:1      | Reached XP level 1. HP: 11/11 MP: 2/2
     6 | D:1      | Noticed a hound
     6 | D:1      | Noticed a swamp drake
     6 | D:1      | Noticed an anaconda
     6 | D:1      | Noticed a black bear
   185 | D:4      | Reached skill level 3 in Unarmed Combat
   185 | D:4      | Reached XP level 2. HP: 4/16 MP: 1/3
   204 | D:4      | Noticed a gnoll shaman
   212 | D:4      | Reached XP level 3. HP: 11/19 MP: 4/4
   230 | D:4      | Noticed a hound
   235 | D:4      | Killed a hound
   235 | D:4      | Reached skill level 4 in Unarmed Combat
   235 | D:4      | Reached XP level 4. HP: 2/23 MP: 5/5
   268 | D:5      | Entered Level 5 of the Dungeon
   268 | D:5      | Noticed Dowan
   270 | D:5      | Noticed Duvessa
   310 | D:4      | Noticed a slave
   311 | D:4      | Noticed a slave
   311 | D:4      | Noticed a slave
   312 | D:4      | Noticed Pikel
   312 | D:4      | Noticed a slave
   361 | D:4      | Killed Pikel
   361 | D:4      | Reached skill level 7 in Unarmed Combat
   361 | D:4      | Reached XP level 5. HP: 17/27 MP: 4/6
   361 | D:4      | Gained mutation: You heal very quickly. [Vine Stalker growth]
   361 | D:4      | Reached XP level 6. HP: 20/32 MP: 4/7
   361 | D:4      | Reached XP level 7. HP: 21/35 MP: 4/8
   453 | D:5      | Killed Duvessa
   453 | D:5      | Reached skill level 8 in Unarmed Combat
   457 | D:5      | Killed Dowan
   553 | D:5      | Found a snail-covered altar of Cheibriados.
   743 | D:6      | Found Gacit's Armour Shoppe.
   743 | D:6      | Found a bloodstained altar of Trog.
   809 | D:6      | Found a basalt altar of Yredelemnul.
   817 | D:6      | Reached skill level 9 in Unarmed Combat
   817 | D:6      | Gained mutation: You have razor-sharp teeth. [Vine Stalker growth]
   817 | D:6      | Reached XP level 8. HP: 23/39 MP: 5/9
   829 | D:6      | Found Ducs's Food Shoppe.
   840 | D:6      | Noticed Menkaure
   849 | D:6      | Killed Menkaure
   849 | D:6      | Reached skill level 10 in Unarmed Combat
  1248 | D:7      | Found a staircase to the Ecumenical Temple.
  1257 | Temple   | Entered the Ecumenical Temple
  1261 | Temple   | Became a worshipper of Warmaster Okawaru
  1295 | D:7      | You fall through a shaft for 2 floors!
  1323 | D:8      | Reached skill level 11 in Unarmed Combat
  1344 | D:8      | Found Ifyacuz's Armour Boutique.
  1399 | D:8      | Reached XP level 9. HP: 34/43 MP: 10/10
  1428 | D:8      | Noticed Maurice
  1445 | D:8      | Killed Maurice
  1587 | D:7      | Reached * piety under Okawaru
  1587 | D:7      | Reached skill level 12 in Unarmed Combat
  1755 | D:10     | Entered Level 10 of the Dungeon
  1873 | D:10     | Reached skill level 13 in Unarmed Combat
  1900 | D:11     | Found a shattered altar of Ashenzari.
  1928 | D:11     | Reached XP level 10. HP: 34/47 MP: 11/11
  1936 | D:11     | Reached ** piety under Okawaru
  1955 | D:11     | Reached skill level 14 in Unarmed Combat
  1986 | D:11     | Reached skill level 1 in Dodging
  1989 | D:11     | Noticed a hill giant
  1994 | D:11     | Killed a hill giant
  1999 | D:11     | Reached *** piety under Okawaru
  2001 | D:11     | Noticed Grum
  2014 | D:11     | Killed Grum
  2054 | D:11     | Found a staircase to the Lair.
  2059 | D:11     | Noticed Dirtsage's ghost (journeyman OpMo)
  2062 | D:11     | Noticed ololoev's ghost (journeyman OpEE)
  2088 | D:11     | Killed ololoev's ghost
  2088 | D:11     | Reached **** piety under Okawaru
  2111 | D:11     | Killed Dirtsage's ghost
  2111 | D:11     | Reached XP level 11. HP: 25/53 MP: 6/12
  2195 | D:11     | Noticed a green ugly thing
  2209 | D:11     | Killed a green ugly thing
  2209 | D:11     | Reached ***** piety under Okawaru
  2217 | D:11     | HP: 2/54 [orc warrior/trident (6)]
  2246 | D:12     | Killed from afar by a manticore

Action                   |  1- 3 |  4- 6 |  7- 9 | 10-12 || total
-------------------------+-------+-------+-------+-------++-------
Melee: Unarmed           |    45 |    46 |   233 |   134 ||   458
Invok: Heroism           |       |       |     4 |     5 ||     9
  Use: Potion            |     1 |     1 |     1 |       ||     3
       Scroll            |       |       |     6 |       ||     6
  Eat: Chunk             |       |       |     5 |     2 ||     7
